 Dungeon Crawl Stone Soup version 0.22.0-25-g7663229 (webtiles) character file.

25592 Faca the Impaler (level 13, -1/114 HPs)
             Began as a Merfolk Gladiator on Aug 21, 2018.
             Was a High Priest of Qazlal.
             Killed from afar by a frost giant (19 damage)
             ... with a bolt of cold
             ... in an ice cave.
             The game lasted 00:34:27 (8772 turns).

Faca the Impaler (Merfolk Gladiator)                Turns: 8772, Time: 00:34:28

Health: -1/114     AC: 14    Str: 17    XL:     13   Next: 20%
Magic:  29/29      EV: 14    Int:  8    God:    Qazlal [*****.]
Gold:   675        SH:  7    Dex: 22    Spells: 12/12 levels left

rFire    . . .     SeeInvis .   B - +9 halberd of Sonkixt {freeze, rElec MR- MP+9 Str+2}
rCold    + . .     Gourm    .   (shield currently unavailable)
rNeg     . . .     Faith    .   b - +1 ring mail {rPois}
rPois    +         Spirit   .   c - +0 helmet
rElec    +         Reflect  .   M - +1 cloak {rPois}
rCorr    .         Harm     .   (no gloves)
MR       .....                  s - +0 pair of boots
Stlth    +.........             j - amulet of regeneration
HPRegen  0.69/turn              i - +3 ring of dexterity
MPRegen  0.21/turn              e - +4 ring of protection

@: protected from cold, repel missiles
A: change form in water, swift swim, stealthy swim
a: Upheaval, Elemental Force, Disaster Area, Renounce Religion


You were in an ice cave.
You worshipped Qazlal.
Qazlal was extremely pleased with you.
You were not hungry.

You visited 1 branch of the dungeon, and saw 12 of its levels.
You also visited: Sewer and Ice Cave.

You collected 675 gold pieces.

Inventory:

Hand Weapons
 a - a +1 trident
 B - the +9 halberd of Sonkixt (weapon) {freeze, rElec MR- MP+9 Str+2}
   (You took it off an orc on level 7 of the Dungeon)

   It has been specially enchanted to freeze those struck by it, causing extra
   injury to most foes and up to half again as much damage against particularly
   susceptible opponents.
   It can also slow down cold-blooded creatures.
   It affects your strength (+2).
   It insulates you from electricity.
   It affects your resistance to hostile enchantments.
   It affects your magic capacity (+9).
Missiles
 d - 7 throwing nets
 h - 19 tomahawks (quivered)
 C - 2 javelins
 O - 6 tomahawks of returning
Armour
 b - a +1 ring mail of poison resistance (worn)
 c - a +0 helmet (worn)
 n - a +1 cloak
 s - a +0 pair of boots (worn)
 M - a +1 cloak of poison resistance (worn)
Jewellery
 e - a +4 ring of protection (right hand)
 i - a +3 ring of dexterity (left hand)
 j - an amulet of regeneration (around neck)
 q - an uncursed ring of resist corrosion
 H - an uncursed ring of protection from magic
Wands
 k - a wand of flame (43)
 r - a wand of disintegration (8)
 E - a wand of paralysis (12)
 K - a wand of scattershot (6)
 N - a wand of iceblast (3)
 P - a wand of acid (9)
Scrolls
 l - 3 scrolls of magic mapping
 m - 3 scrolls of fear
 o - a scroll of enchant armour
 p - 4 scrolls of enchant weapon
 u - a scroll of immolation
 y - 4 scrolls of amnesia {unknown}
 A - a scroll of teleportation {unknown}
 D - a scroll of acquirement {unknown}
 I - a scroll of silence {unknown}
 L - a scroll of summoning {unknown}
Potions
 g - 3 potions of haste
 t - 2 potions of brilliance
 v - a potion of heal wounds
 w - 5 potions of flight
 x - a potion of resistance {unknown}
 z - 2 potions of agility
 F - a potion of curing
 G - a potion of mutation
 J - 2 potions of berserk rage {unknown}
Comestibles
 f - 19 rations
 Q - 9 chunks of flesh


   Skills:
 + Level 14.9 Fighting
 + Level 18.8 Polearms
 - Level 2.0 Throwing
 - Level 4.0 Dodging
 - Level 10.0 Invocations


You had 12 spell levels left.
You didn't know any spells.
Your spell library contained the following spells:

 Spells                   Type           Power        Failure   Level  Hunger
 Animate Skeleton         Necr           N/A          63%         1    ##.....
 Apportation              Tloc           #.....       63%         1    ##.....
 Confusing Touch          Hex            #.....       63%         1    ##.....
 Pain                     Necr           #...         63%         1    ##.....
 Summon Small Mammal      Summ           #...         63%         1    ##.....
 Regeneration             Chrm/Necr      #.........   94%         3    ####...
 Vampiric Draining        Necr           #.........   94%         3    ####...
 Animate Dead             Necr           N/A          100%        4    #####..


Dungeon Overview and Level Annotations

Branches:
Dungeon (12/15)            Temple (0/1) D:4            Lair (0/6) D:11
    Orc (0/2) D:12

Altars:
Dithmenos
Gozag
Qazlal
Sif Muna
Uskayaw
Yredelemnul
Zin
The Shining One
Beogh

Shops:
D:6 :

Portals:
Trove: D:11 (give 7 potions of agility)


Message History

The bolt of cold hits you! You resist.
You impale the frost giant!! You freeze the frost giant.
The frost giant is severely wounded.
You hit the frost giant.
The frost giant is severely wounded.
The frost giant gestures at you while chanting.
The bolt of cold hits you! You resist.
You feel more protected from cold.
* * * LOW HITPOINT WARNING * * *
You hit the frost giant.
The frost giant is severely wounded.
The frost giant closely misses you.
You puncture the frost giant! You freeze the frost giant.
The frost giant is almost dead.
You slash the frost giant!
The frost giant is almost dead.
The frost giant gestures at you while chanting.
The bolt of cold hits you! You resist.
You feel more protected from cold.
You die...

#≈≈≈#≈≈≈≈≈≈##≈≈≈≈≈#≈≈#
#≈≈##≈≈≈≈≈≈≈≈≈≈≈≈≈≈≈##
#≈####≈≈≈≈≈≈≈≈≈≈≈≈≈≈##
### #≈≈≈≈#≈≈≈≈≈≈≈≈#.#
########≈≈≈≈≈##.##
###≈≈≈≈≈≈##.#
##.##≈≈#≈≈##.#
#.C.##†##≈#..#
#..#@.§≈.###..#
#..###.#.#|#...# .C..
#.##).#...# .....
##..###..## ..... #.#
..## .... ##. #.# ....
.##. #.##


You could see a frost giant.

Vanquished Creatures
  The ghost of Gospel the Cleaver, a journeyman DsWr of Gozag (D:9)
  Harold (D:7)
  3 two-headed ogres
  4 death yaks
  An ugly thing (D:11)
  A cyclops (D:6)
  Maurice (D:9)
  An ice statue (IceCv)
  A troll (D:11)
  18 polar bears (IceCv)
  2 hippogriffs
  A meliai zombie (D:11)
  4 water elementals (D:10)
  A wyvern (D:11)
  2 wraiths (D:11)
  4 hungry ghosts
  Grum (D:10)
  A human (D:7)
  28 yaks
  4 hogs (D:7)
  3 vampire mosquitoes (D:12)
  A steam dragon (D:10)
  An acid dragon (D:11)
  A soldier ant (D:10)
  2 porcupines (D:11)
  3 phantoms
  2 black bears (D:9)
  3 ice beasts
  An eye of draining (D:7)
  8 orc warriors
  A sky beast (D:7)
  7 ogres
  4 centaurs
  14 wolves
  A crocodile (D:7)
  2 big kobolds
  7 bullfrogs
  3 scorpions
  7 killer bees
  8 wights
  2 crimson imps
  4 hounds
  A quasit (D:6)
  2 bullfrog skeletons
  9 orc priests
  6 jellies
  9 orc wizards
  3 centaur skeletons
  Jessica (D:2)
  A hell rat (D:11)
  5 worker ants
  A hound skeleton (D:10)
  2 worker ant zombies
  15 adders
  4 gnolls
  2 river rats (Sewer)
  2 shadow imps
  12 white imps (D:12)
  An ooze (D:3)
  4 adder skeletons
  2 worms
  2 dart slugs (D:1)
  2 leopard geckos
  57 orcs
  5 giant cockroaches
  3 goblins
  7 hobgoblins
  9 jackals
  21 kobolds
  7 quokkas
  A ball python (D:6)
  4 bats
  7 frilled lizards
  2 quokka skeletons
  A quokka zombie (D:8)
  13 rats
388 creatures vanquished.

Vanquished Creatures (others)
  A yak (IceCv)
1 creature vanquished.

Grand Total: 389 creatures vanquished

Notes
Turn   | Place    | Note
-------+----------+-------------------------------------------
     0 | D:1      | Faca the Merfolk Gladiator began the quest for the Orb.
     0 | D:1      | Reached XP level 1. HP: 16/16 MP: 1/1
    25 | D:1      | Reached XP level 2. HP: 20/23 MP: 2/2
    58 | D:1      | Reached skill level 5 in Polearms
   243 | D:1      | Reached XP level 3. HP: 29/29 MP: 3/3
   452 | D:2      | Noticed Jessica
   479 | D:2      | Killed Jessica
   479 | D:2      | Reached XP level 4. HP: 30/37 MP: 4/4
   647 | D:2      | Reached skill level 6 in Polearms
   872 | D:2      | Found a faded altar of an unknown god.
   874 | D:2      | Became a worshipper of Qazlal Stormbringer
   874 | D:2      | Reached * piety under Qazlal
  1109 | D:3      | Found a deep blue altar of Sif Muna.
  1264 | D:3      | Reached XP level 5. HP: 40/42 MP: 5/5
  1535 | D:3      | Found a stormy altar of Qazlal.
  1555 | D:3      | Found a shadowy altar of Dithmenos.
  1916 | D:4      | Found a glowing silver altar of Zin.
  1943 | D:4      | Reached skill level 7 in Polearms
  2001 | D:4      | Found a staircase to the Ecumenical Temple.
  2044 | D:4      | Reached ** piety under Qazlal
  2058 | D:4      | Reached skill level 5 in Fighting
  2058 | D:4      | Reached XP level 6. HP: 47/51 MP: 6/6
  2639 | D:4      | Found an opulent altar of Gozag.
  2741 | D:4      | Noticed a phantom
  2749 | D:4      | Killed a phantom
  2749 | D:4      | Reached skill level 8 in Polearms
  2749 | D:4      | Reached XP level 7. HP: 57/57 MP: 7/7
  2765 | D:4      | Found a basalt altar of Yredelemnul.
  2959 | D:5      | Entered Level 5 of the Dungeon
  3171 | D:5      | Found a glowing drain.
  3226 | Sewer    | Entered a sewer
  3316 | Sewer    | Reached skill level 9 in Polearms
  3328 | Sewer    | Found a white marble altar of Elyvilon.
  3532 | D:5      | Noticed a dagger
  3534 | D:5      | Noticed a dagger
  3551 | D:5      | Found a hide-covered altar of Uskayaw.
  3916 | D:6      | Reached XP level 8. HP: 67/67 MP: 8/8
  3955 | D:6      | Reached skill level 10 in Polearms
  4016 | D:6      | Found Jegruhy's Book Shop.
  4104 | D:6      | Reached *** piety under Qazlal
  4433 | D:7      | Noticed a cyclops
  4551 | D:6      | Killed a cyclops
  4551 | D:6      | Reached skill level 11 in Polearms
  4551 | D:6      | Reached XP level 9. HP: 49/75 MP: 8/11
  4743 | D:7      | Got a brightly glowing halberd {freeze}
  4750 | D:7      | Identified the +9 halberd of Sonkixt {freeze, rElec MR- MP+9 Str+2} (You took it off an orc on level 7 of the Dungeon)
  4811 | D:7      | Reached skill level 12 in Polearms
  4884 | D:7      | Found a stormy altar of Qazlal.
  4908 | D:7      | Noticed Harold
  4917 | D:7      | Killed Harold
  4917 | D:7      | Reached skill level 5 in Invocations
  4927 | D:7      | Reached **** piety under Qazlal
  5041 | D:7      | Reached skill level 10 in Fighting
  5041 | D:7      | Reached skill level 13 in Polearms
  5041 | D:7      | Reached XP level 10. HP: 85/85 MP: 14/14
  5671 | D:8      | Found a glowing golden altar of the Shining One.
  6134 | D:9      | Noticed a two-headed ogre
  6139 | D:9      | Killed a two-headed ogre
  6139 | D:9      | Reached skill level 14 in Polearms
  6201 | D:9      | Found a runed gate.
  6202 | D:9      | Found a runed gate.
  6202 | D:9      | Noticed Gospel's ghost (journeyman DsWr)
  6203 | D:9      | Found a runed gate.
  6203 | D:9      | Found a roughly hewn altar of Beogh.
  6262 | D:9      | Noticed Maurice
  6278 | D:9      | Killed Maurice
  6278 | D:9      | Reached ***** piety under Qazlal
  6298 | D:9      | Reached XP level 11. HP: 92/93 MP: 17/17
  6402 | D:9      | Noticed a two-headed ogre
  6407 | D:9      | Killed a two-headed ogre
  6407 | D:9      | Reached skill level 15 in Polearms
  6621 | D:9      | Killed Gospel's ghost
  6827 | D:10     | Entered Level 10 of the Dungeon
  7071 | D:10     | Noticed Grum
  7080 | D:10     | Killed Grum
  7451 | D:11     | Noticed a brown ugly thing
  7456 | D:11     | Reached skill level 10 in Invocations
  7461 | D:11     | Killed a brown ugly thing
  7465 | D:11     | Reached skill level 16 in Polearms
  7501 | D:11     | Noticed a death yak
  7507 | D:11     | Noticed a death yak
  7508 | D:11     | Noticed a death yak
  7513 | D:11     | Killed a death yak
  7513 | D:11     | Reached XP level 12. HP: 92/103 MP: 19/19
  7516 | D:11     | Killed a death yak
  7519 | D:11     | Killed a death yak
  7528 | D:11     | Found a deep blue altar of Sif Muna.
  7551 | D:11     | Found a staircase to the Lair.
  7591 | D:11     | Noticed a two-headed ogre
  7595 | D:11     | Killed a two-headed ogre
  7656 | D:11     | Reached skill level 17 in Polearms
  7697 | D:11     | Found a portal to a secret trove of treasure.
  8137 | D:12     | HP: 2/105 [vampire mosquito (7)]
  8231 | D:12     | Found a frozen archway.
  8257 | IceCv    | Entered an ice cave
  8479 | IceCv    | Reached skill level 18 in Polearms
  8562 | IceCv    | Reached XP level 13. HP: 114/114 MP: 20/20
  8758 | IceCv    | Noticed a frost giant
  8772 | IceCv    | Killed from afar by a frost giant

Skill      XL: |  1  2  3  4  5  6  7  8  9 10 11 12 |
---------------+-------------------------------------+-----
Polearms       | 5 6 7 8 9 11 13 14 16 18 | 18.8
Fighting       | 3 4 5 7 8 10 11 12 14 | 14.9
Invocations    | 2 5 8 10 | 10.0
Throwing       | |  2.0
Dodging        | |  4.0

Action                   |  1- 3 |  4- 6 |  7- 9 | 10-12 | 13-15 || total
-------------------------+-------+-------+-------+-------+-------++-------
Melee: Trident           |    86 |   197 |   235 |       |       ||   518
       Tailslap          |       |       |     1 |     2 |     5 ||     8
       Halberd           |       |       |    64 |   523 |    82 ||   669
Throw: Tomahawk          |       |       |     2 |       |       ||     2
Invok: Upheaval          |       |       |       |     2 |       ||     2
       Disaster Area     |       |       |       |     2 |       ||     2
  Use: Scroll            |     2 |    11 |     2 |     5 |       ||    20
       Potion            |       |     1 |       |     4 |       ||     5
 Stab: Distracted        |       |       |       |     1 |       ||     1
  Eat: Ration            |       |     2 |     3 |     4 |       ||     9
       Chunk             |       |     1 |     2 |       |     1 ||     4
Armor: Leather armour    |     4 |       |       |       |       ||     4
       Ring mail         |    21 |    51 |    68 |   121 |    14 ||   275
Dodge: Dodged            |    55 |   115 |    94 |   199 |    45 ||   508
       Deflected         |       |       |       |     5 |       ||     5
Block: Other             |       |    14 |    40 |   101 |    18 ||   173
